 Dungeon Crawl Stone Soup version 0.26-a0-690-gcb57259 (webtiles) character file.

Game seed: 11624634212640943301

23 Mopster the Chopper (level 2, -2/40 HPs)
             Began as a Minotaur Berserker on Oct 23, 2020.
             Was a Follower of Trog.
             Slain by Sigmund
             ... wielding a +0 scythe
              (12 damage)
             ... on level 2 of the Dungeon.
             The game lasted 00:01:59 (792 turns).

Mopster the Chopper (Minotaur Berserker)             Turns: 792, Time: 00:01:59

Health: -2/40      AC:  2    Str: 21    XL:     2   Next: 72%
Magic:  1/1        EV: 12    Int:  4    God:    Trog [*.....]
Gold:   15         SH:  0    Dex:  9    Spells: 1/1 levels left

rFire    . . .     SeeInvis .   a - +0 hand axe
rCold    . . .     Faith    .   (no shield)
rNeg     . . .     Spirit   .   b - +0 animal skin
rPois    .         Reflect  .   (helmet restricted)
rElec    .         Harm     .   (no cloak)
rCorr    .         Rampage  .   (no gloves)
MR       .....                  (no boots)
Stlth    ..........             (no amulet)
HPRegen  0.13/turn              (no ring)
MPRegen  0.07/turn              (no ring)

@: berserking, very quick
A: retaliatory headbutt, horns 2
a: Berserk, Renounce Religion


You were on level 2 of the Dungeon.
You worshipped Trog.
Trog was aware of your devotion.
You visited 1 branch of the dungeon, and saw 2 of its levels.

You collected 15 gold pieces.

Inventory:

Hand Weapons
 a - a +0 hand axe (weapon)
Armour
 b - a +0 animal skin (worn)
Jewellery
 h - an uncursed amulet of faith {unknown}
Scrolls
 c - 3 scrolls of remove curse {unknown}
 d - a scroll of identify {unknown}
 g - a scroll of immolation {unknown}
Potions
 e - 2 potions of curing {unknown}
 f - a potion of heal wounds {unknown}
 i - a potion of cancellation {unknown}


   Skills:
 + Level 4.2 Fighting
 + Level 4.2 Axes
 + Level 2.5 Armour
 + Level 2.3 Dodging


You had one spell level left.
You didn't know any spells.
Your spell library was empty.

Dungeon Overview and Level Annotations

Branches:
Dungeon (2/15)

Altars:
Nemelex Xobeh

Annotations:
D:2 Sigmund


Innate Abilities, Weirdness & Mutations

You reflexively headbutt those who attack you in melee.
You have a pair of horns on your head.


Message History

No target in view!
No target in view!
Unknown command.
There is a strange disturbance nearby!
No target in view!
No target in view!
Unknown command.
Something hits you.
Found a whip.
You miss something. You headbutt something. Something hits you.
* * * LOW HITPOINT WARNING * * *
A red film seems to cover your vision as you go berserk!
You feel yourself moving faster!
You feel mighty! Something barely misses you.
You slash something! You barely miss something. Something hits you.
* * * LOW HITPOINT WARNING * * *
Unknown command.
You barely miss something. You slash something! Something hits you!
You die...

#. #.######
#......# #..(...#
.####......#
...........#
#..........{######
#.........@......#
#................#
#........###...).#
#........# .....#
##......# ....# +#
#......# ....# ..
#......# ##.#
..#########..###
.# ........###..#


There were no monsters in sight!

Vanquished Creatures
  A dart slug (D:1)
  A leopard gecko (D:1)
  A giant cockroach (D:1)
  2 hobgoblins (D:1)
  4 jackals (D:1)
  A kobold (D:1)
  A quokka (D:2)
  4 bats
  A frilled lizard (D:2)
  A goblin (D:1)
  A rat (D:1)
18 creatures vanquished.

Vanquished Creatures (others)
  5 plants (D:1)
5 creatures vanquished.

Grand Total: 23 creatures vanquished

Notes
Turn   | Place    | Note
-------+----------+-------------------------------------------
     0 | D:1      | Mopster the Minotaur Berserker began the quest for the Orb.
     0 | D:1      | Reached XP level 1. HP: 19/19 MP: 0/0
   166 | D:1      | Found a sparkling altar of Nemelex Xobeh.
   189 | D:1      | Reached XP level 2. HP: 27/27 MP: 1/1
   781 | D:2      | Noticed Sigmund
   792 | D:2      | Slain by Sigmund

Illustrated notes

Levels and vault maps discovered:
D:1:      roderic_crop_circles_arrival_small, layout_loops_ring,
          nemelex_xobeh_ov_fountains_minmay
D:2:      layout_basic, marbit_many_paths, uniq_sigmund, uniq_natasha

Skill      XL: |  1  2 |
---------------+-------+-----
Axes           | 4 |  4.2
Fighting       | 4 |  4.2
Armour         | |  2.5
Dodging        | |  2.3

Action                   || total
-------------------------++-------
Melee: Hand axe          ||    37
       Headbutt          ||     4
Invok: Berserk           ||     2
Armor: Animal skin       ||     5
Dodge: Dodged            ||    23

Table legend: (Time is in decaauts)
 A = Elapsed time spent in this place.
 B = Non-inter-level travel time spent in this place.
 C = Inter-level travel time spent in this place.
 D = Time resting spent in this place.
 E = Time spent auto-exploring this place.
 F = Levels seen in this place.
 G = Mean time per level.
                   A        B        C        D        E       F      G
               +--------+--------+--------+--------+--------+-----+--------+
         Total |    802 |    760 |     42 |      0 |    673 |   2 |  401.0 |
       Dungeon |    802 |    760 |     42 |      0 |    673 |   2 |  401.0 |
               +--------+--------+--------+--------+--------+-----+--------+

Top non-repeatable levels by time:
     D:1: 741 daAuts
     D:2: 61 daAuts
